 Dungeon Crawl Stone Soup version 0.21.1-1-g345015f (webtiles) character file.

46 letownia2 the Conjurer (level 3, 0/19 HPs)
             Began as a Tengu Fire Elementalist on Mar 5, 2018.
             Slain by an adder (5 damage)
             ... on level 3 of the Dungeon.
             The game lasted 00:01:36 (298 turns).

letownia2 the Conjurer (Tengu Fire Elementalist)     Turns: 298, Time: 00:01:37

Health: 0/19       AC:  2    Str:  8    XL:     3   Next: 68%
Magic:  0/7        EV: 12    Int: 16    God:
Gold:   5          SH:  0    Dex: 14    Spells: 2/6 levels left

rFire    . . .     SeeInvis .   (no weapon)
rCold    . . .     Gourm    .   (no shield)
rNeg     . . .     Faith    .   a - +0 robe
rPois    .         Spirit   .   (helmet restricted)
rElec    .         Reflect  .   (no cloak)
rCorr    .         Harm     .   (no gloves)
MR       .....                  (boots unavailable)
Stlth    ++........             (no amulet)
HPRegen  0.06/turn              (no ring)
MPRegen  0.10/turn              (no ring)

@: lethally poisoned (0 -> -9)
A: beak, talons 3
a: no special abilities


You were on level 3 of the Dungeon.
You were not hungry.

You visited 1 branch of the dungeon, and saw 3 of its levels.

You collected 5 gold pieces.

Inventory:

Armour
 a - a +0 robe (worn)
 e - a +0 ring mail
Scrolls
 f - a scroll of identify {unknown}
 g - a scroll of fear {unknown}
Potions
 d - a potion of mutation {unknown}
 h - a potion of curing {unknown}
Books
 b - a book of Flames

   Spells                             Type                      Level
   a - Flame Tongue                   Conjuration/Fire             1
   b - Throw Flame                    Conjuration/Fire             2
   c - Conjure Flame                  Conjuration/Fire             3
   d - Inner Flame                    Hexes/Fire                   3
   e - Sticky Flame                   Conjuration/Fire             4
   f - Fireball                       Conjuration/Fire             5
Comestibles
 c - 2 rations
 i - a chunk of flesh


   Skills:
 - Level 2.1 Dodging
 - Level 2.0 Stealth
 - Level 2.0 Spellcasting
 + Level 4.6 Conjurations
 - Level 3.2 Fire Magic


You had 2 spell levels left.
You knew the following spells:

 Your Spells              Type           Power        Failure   Level  Hunger
a - Flame Tongue          Conj/Fire      ##...        4%          1    #......
c - Conjure Flame         Conj/Fire      ##......     12%         3    ###....


Dungeon Overview and Level Annotations

Branches:
Dungeon (3/15)

Altars:
Makhleb


Innate Abilities, Weirdness & Mutations

You have a beak for a mouth.
You have claws for feet.


Message History

Casting: Flame Tongue
Confirm with . or Enter, or press ? or * to list all spells.
Aiming: Flame Tongue
Press: ? - help, Shift-Dir - straight line, f/p - adder
Aim: an adder The flame tongue hits the adder.
The adder is lightly wounded.
The adder bites you.
You are lethally poisoned!
The adder poisons you!
Casting: Flame Tongue
Confirm with . or Enter, or press ? or * to list all spells.
Aiming: Flame Tongue
Press: ? - help, Shift-Dir - straight line, f/p - adder
Aim: an adder (lightly wounded)
The flame tongue hits the adder.
The adder is moderately wounded.
* * * LOW HITPOINT WARNING * * *
You feel sick. The adder barely misses you. The adder bites you.
You die...

♣.♣ #.# #.# # #.# #.
#.#.# #.##<#.#
##..#.#.###
♣###.........#
♣...###♣.♣.♣@########
#.. #....#.S......#
#.###♣.♣.♣.######.#
#..)w.....# #.#
#.##♣#♣.♣## #.## #..#
#.# #..# ##.# #.#
##.# ..# #.# #.# #.#
#.# #.#


You could see an adder.

Vanquished Creatures
  A worker ant (D:3)
  An adder (D:2)
  A dart slug (D:1)
  2 ball pythons (D:1)
  2 bats (D:1)
  A giant cockroach (D:2)
  A goblin (D:3)
  A hobgoblin (D:2)
  A quokka (D:2)
  2 frilled lizards
  A rat (D:3)
14 creatures vanquished.

Notes
Turn   | Place    | Note
-------+----------+-------------------------------------------
     0 | D:1      | letownia2 the Tengu Fire Elementalist began the quest for the Orb.
     0 | D:1      | Reached XP level 1. HP: 10/10 MP: 4/4
    47 | D:1      | Reached skill level 2 in Conjurations
   106 | D:1      | Reached XP level 2. HP: 15/15 MP: 3/6
   155 | D:2      | Reached skill level 3 in Conjurations
   162 | D:2      | Found a burning altar of Makhleb.
   232 | D:3      | Reached XP level 3. HP: 14/19 MP: 1/7
   237 | D:3      | Learned a level 3 spell: Conjure Flame
   260 | D:3      | Reached skill level 4 in Conjurations
   298 | D:3      | Slain by an adder

Skill      XL: |  1  2  3 |
---------------+----------+-----
Conjurations   | 2 3 4 |  4.6
Dodging        | |  2.1
Stealth        | |  2.0
Spellcasting   | |  2.0
Fire Magic     | |  3.2

Action                   || total
-------------------------++-------
Melee: Unarmed           ||     6
       Peck              ||     1
 Cast: Flame Tongue      ||    25
Armor: Robe              ||     1
Dodge: Dodged            ||    20
